 Dungeon Crawl Stone Soup version 0.13.1-22-g086cdba (webtiles) character file.

120 Kae the Insei (level 3, -5/28 HPs)
             Began as a Draconian Transmuter on Jan 1, 2014.
             Slain by Grinder (9 damage)
             ... on Level 3 of the Dungeon.
             The game lasted 00:02:07 (1662 turns).

Kae the Insei (Draconian Transmuter)                Turns: 1662, Time: 00:02:07

HP  -5/28        AC  5     Str 12      XL: 3   Next: 73%
MP   4/4         EV 12     Int 13      God:
Gold 63          SH  0     Dex 12      Spells:  3 memorised,  0 levels left

Res.Fire  : . . .   See Invis. : .     - Unarmed
Res.Cold  : . . .   Warding    : .   (armour unavailable)
Life Prot.: . . .   Conserve   : .   (no shield)
Res.Poison: .       Res.Corr.  : .   (helmet restricted)
Res.Elec. : .       Clarity    : .   (no cloak)
Sust.Abil.: . .     Spirit.Shd : .   (no gloves)
Res.Mut.  : .       Stasis     : .   (no boots)
Res.Rott. : .       Flight     : .   (no amulet)
Saprovore : . . .                    (no ring)
                                     (no ring)

@: very slightly contaminated, not resistant to hostile enchantments, unstealthy
A: unfitting armour, AC +5
a: no special abilities


You were on level 3 of the Dungeon.
You were hungry.

You visited 1 branch of the dungeon, and saw 3 of its levels.

You collected 43 gold pieces.

Inventory:

Missiles
 b - 30 arrows
 p - 11 poisoned arrows
Magical devices
 l - a wand of enslavement (12)
 s - a wand of lightning (4)
Comestibles
 a - 2 bread rations
 f - a meat ration
 i - 3 pears
 m - a cheese
 r - a banana
Scrolls
 e - a scroll of fear
 j - a scroll of enchant armour {unknown}
Potions
 g - a potion of resistance {unknown}
 k - a potion of poison {unknown}
Books
 d - a book of Changes

   Spells                             Type                      Level
   *Beastly Appendage                 Transmutation                1
   *Sticks to Snakes                  Transmutation                2
   *Spider Form                       Transmutation/Poison         3
   Ice Form                           Ice/Transmutation            4
   Blade Hands                        Transmutation                5


   Skills:
 - Level 1.1 Fighting
 - Level 1.7 Dodging
 * Level 4.2 Unarmed Combat
 - Level 2.0 Spellcasting
 + Level 2.8 Transmutations


You couldn't memorise any spells.
You knew the following spells:

 Your Spells              Type           Power        Failure   Level  Hunger
a - Beastly Appendage     Trmt           #.....       10%         1    ##.....
b - Sticks to Snakes      Trmt           #.........   14%         2    ###....
c - Spider Form           Trmt/Pois      #.........   52%         3    ####...


Dungeon Overview and Level Annotations

Branches:
Dungeon (3/27)

Altars:
Elyvilon

Annotations:
D:3 Grinder


Message History

Pain shoots through your body!
* * * LOW HITPOINT WARNING * * *
Evoke which item? (* to show all) (? for menu, Esc to quit)
Zapping:
s - a wand of lightning {zapped: 6}
Press: ? - help, Shift-Dir - straight line, f/p - Grinder
Aim: Grinder (moderately wounded)
You hear a mighty clap of thunder!
The bolt of lightning hits Grinder.
Grinder is severely wounded.
Grinder hits you.
* * * LOW HITPOINT WARNING * * *
You writhe in agony.
* * * LOW HITPOINT WARNING * * *
Evoke which item? (* to show all) (? for menu, Esc to quit)
Zapping:
s - a wand of lightning {zapped: 7}
Press: ? - help, Shift-Dir - straight line, f/p - Grinder
Aim: Grinder (severely wounded)
You hear a mighty clap of thunder!
The bolt of lightning misses Grinder.
Grinder hits you!
You die...

*,,,,,,,....#*,* *,*
*,******,...,*,* *,***** *,*
**.§.,,,* *,,,,,* *,* *#r#****
*****.* *,* #.# #.# ###**,* #r#
#.# #..,,,* ##'## #.# #.#****
##§.§## #.# #.#### ##....@##
##*#.# #.##.## ##....5..#*
##.##.#
#.#...####.........####...#.#####
#........'.........+.............
#.#...####.......[>####...#.#####
#.##.## ##...............#.#
#.#### ##.....#.###....(.#
#.%.##### ##...##.# #.##.###
........# *#+#**,* #.##.#


You could see Grinder and a quokka.

Vanquished Creatures
  Terence (D:2)
  2 adders
  A giant gecko (D:2)
  An ooze (D:1)
  2 ball pythons (D:2)
  4 hobgoblins
  3 jackals (D:1)
  A quokka (D:2)
  2 bats (D:1)
  A giant cockroach (D:1)
  3 giant newts (D:1)
  3 goblins
  A kobold (D:2)
  3 rats
28 creatures vanquished.

Notes
Turn   | Place    | Note
--------------------------------------------------------------
     0 | D:1      | Kae, the Draconian Transmuter, began the quest for the Orb.
     0 | D:1      | Reached XP level 1. HP: 16/16 MP: 1/1
   216 | D:1      | Reached XP level 2. HP: 20/23 MP: 3/3
   616 | D:2      | Noticed Terence
   645 | D:2      | Killed Terence
   645 | D:2      | Reached skill level 4 in Unarmed Combat
   645 | D:2      | Reached XP level 3. HP: 7/28 MP: 4/4
   921 | D:2      | Learned a level 2 spell: Sticks to Snakes
   925 | D:2      | Learned a level 3 spell: Spider Form
  1251 | D:2      | Found a white marble altar of Elyvilon.
  1644 | D:3      | Noticed Grinder
  1652 | D:3      | Paralysed by Grinder for 3 turns
  1662 | D:3      | Slain by Grinder

Action                   || total
-------------------------++-------
Melee: Unarmed           ||   131
 Cast: Beastly Appendage ||     3
Evoke: Wand              ||     8
  Use: Scroll            ||     8
